 Dungeon Crawl Stone Soup version 0.21.1-1-g345015f (webtiles) character file.

202 shakethe the Insei (level 5, -10/33 HPs)
             Began as an Octopode Transmuter on Feb 7, 2018.
             Mangled by an orc
             ... wielding a +0 war axe
              (11 damage)
             ... on level 4 of the Dungeon.
             The game lasted 00:08:48 (3048 turns).

shakethe the Insei (Octopode Transmuter)            Turns: 3048, Time: 00:08:49

Health: -10/33     AC:  1    Str:  9    XL:     5   Next: 80%
Magic:  8/8        EV: 14    Int: 16    God:
Gold:   157        SH:  0    Dex: 13    Spells: 2/8 levels left

rFire    . . .     SeeInvis .     - Unarmed
rCold    . . .     Gourm    .   (no shield)
rNeg     . . .     Faith    .   (helmet restricted)
rPois    .         Spirit   .   (no amulet)
rElec    .         Reflect  .   (no ring)
rCorr    .         Harm     .   (no ring)
MR       .....                  (no ring)
Stlth    +++.......             (no ring)
HPRegen  0.11/turn              (no ring)
MPRegen  0.11/turn              (no ring)
                                (no ring)
                                (no ring)

@: appendage (expiring)
A: almost no armour, stealthy swim, amphibious, 8 rings, constrict 8, tentacle
spike 3, camouflage 1, gelatinous body 1
a: End Transformation


You were on level 4 of the Dungeon.
You were not hungry.
One of your tentacles had a temporary spike.
You visited 1 branch of the dungeon, and saw 4 of its levels.

You collected 157 gold pieces.

Inventory:

Missiles
 a - 60 arrows
Scrolls
 e - 4 scrolls of remove curse {unknown}
 h - 3 scrolls of blinking {unknown}
 i - 4 scrolls of teleportation {unknown}
 k - a scroll of enchant armour {unknown}
 l - 3 scrolls of identify {unknown}
 m - a scroll of fog {unknown}
 n - 2 scrolls of fear {unknown}
 o - a scroll of random uselessness {unknown}
Potions
 d - 2 potions of heal wounds {unknown}
 f - 2 potions of ambrosia {unknown}
 g - 2 potions of haste {unknown}
 j - 2 potions of agility {unknown}
Books
 b - a book of Changes

   Spells                             Type                      Level
   a - Beastly Appendage              Transmutation                1
   b - Sticks to Snakes               Transmutation                2
   c - Spider Form                    Transmutation/Poison         3
   d - Ice Form                       Ice/Transmutation            4
   e - Blade Hands                    Transmutation                5
Comestibles
 c - 6 rations


   Skills:
 + Level 1.5 Fighting
 + Level 2.4 Dodging
 + Level 3.8 Stealth
 + Level 4.1 Unarmed Combat
 + Level 2.4 Spellcasting
 + Level 2.7 Transmutations
 + Level 1.8 Poison Magic


You had 2 spell levels left.
You knew the following spells:

 Your Spells              Type           Power        Failure   Level  Hunger
a - Beastly Appendage     Tmut           ##....       7%          1    #......
b - Sticks to Snakes      Tmut           ##......     10%         2    ###....
c - Spider Form           Tmut/Pois      #.........   24%         3    ###....


Dungeon Overview and Level Annotations

Branches:
Dungeon (4/15)
 Temple: D:4-7

Altars:


Innate Abilities, Weirdness & Mutations

You cannot wear most types of armour.
You are very stealthy in the water. (Stealth+)
You are amphibious.
You can wear up to eight rings at the same time.
You can use your tentacles to constrict eight enemies at once.
Your skin changes colour to match your surroundings (Stealth+).
Your rubbery body absorbs attacks. (AC +1, EV +1)
One of your tentacles bears a large vicious spike.


Message History

The bullfrog completely misses you. The bullfrog barely misses you.
The orc closely misses you.
You barely miss the bullfrog. Your grab misses the bullfrog.
The bullfrog is almost dead.
The bullfrog misses you.
You closely miss the bullfrog. Your grab misses the bullfrog.
Your squeeze misses the bullfrog.
The bullfrog is almost dead.
The bullfrog barely misses you. The orc barely misses you.
You barely miss the bullfrog. Your grab misses the bullfrog.
The bullfrog is almost dead.
The bullfrog hits you!
* * * LOW HITPOINT WARNING * * *
The orc closely misses you. The bullfrog hits you.
* * * LOW HITPOINT WARNING * * *
You tentacle-slap the bullfrog.
You kill the bullfrog!
Your transformation is almost over.
The orc hits you with a war axe!
You die...

# #.#....>#
#.###...# # #.#
#...#
#.#..##...#
#.........#####
...............
###...#.#######
#....†...#
#.###@##.# #.
#o# # #.o.oo#
#..#### #o #


You could see 3 orcs.

Vanquished Creatures
  A bullfrog (D:4)
  The ghost of p0werm0de the Skirmisher, a weakling VSCK of Xom (D:3)
  5 adders
  A worm (D:2)
  2 dart slugs (D:2)
  A leopard gecko (D:1)
  An orc (D:3)
  4 bats
  3 giant cockroaches (D:1)
  9 goblins
  6 hobgoblins
  6 jackals (D:2)
  A ball python (D:3)
  2 frilled lizards (D:2)
  A jackal skeleton (D:4)
  4 kobolds (D:2)
  5 rats
53 creatures vanquished.

Notes
Turn   | Place    | Note
-------+----------+-------------------------------------------
     0 | D:1      | shakethe the Octopode Transmuter began the quest for the Orb.
     0 | D:1      | Reached XP level 1. HP: 13/13 MP: 3/3
   141 | D:1      | Reached skill level 1 in Stealth
   191 | D:1      | Reached XP level 2. HP: 11/18 MP: 5/5
   864 | D:2      | Reached XP level 3. HP: 22/23 MP: 4/6
  1081 | D:2      | Learned a level 3 spell: Spider Form
  1084 | D:2      | Learned a level 2 spell: Sticks to Snakes
  1649 | D:2      | Reached XP level 4. HP: 26/28 MP: 7/7
  1744 | D:2      | Reached skill level 1 in Poison Magic
  2132 | D:3      | Noticed p0werm0de's ghost (weakling VSCK)
  2216 | D:3      | Killed p0werm0de's ghost
  2216 | D:3      | Reached skill level 4 in Unarmed Combat
  2365 | D:3      | Reached XP level 5. HP: 31/33 MP: 8/8
  3047 | D:4      | HP: 1/33 [bullfrog (2)]
  3048 | D:4      | Mangled by an orc

Skill      XL: |  1  2  3  4 |
---------------+-------------+-----
Stealth        | 1 2 3 |  3.8
Poison Magic   | 1 |  1.8
Unarmed Combat | 4 |  4.1
Fighting       | |  1.5
Dodging        | |  2.4
Spellcasting   | |  2.4
Transmutations | |  2.7

Action                   |  1- 3 |  4- 6 || total
-------------------------+-------+-------++-------
Melee: Unarmed           |    77 |    51 ||   128
       Constrict         |    24 |    10 ||    34
       Tentacles         |    18 |     5 ||    23
       Punch             |     2 |       ||     2
       Kick              |     6 |     8 ||    14
 Cast: Beastly Appendage |     5 |     4 ||     9
       Spider Form       |       |     1 ||     1
 Stab: Sleeping          |     3 |     3 ||     6
  Eat: Chunk             |     2 |     5 ||     7
Armor: Skin              |     4 |     3 ||     7
Dodge: Dodged            |    46 |    32 ||    78
